 Dungeon Crawl Stone Soup version 0.23-a0-270-gab6feb3 (webtiles) character file.

343 MisterFreud the Covert (level 6, 0/41 HPs)
             Began as a Vampire Enchanter on Oct 1, 2018.
             Slain by an ice beast (4 damage)
             ... on level 5 of the Dungeon.
             The game lasted 00:11:45 (4290 turns).

MisterFreud the Covert (Vampire Enchanter)          Turns: 4290, Time: 00:11:45

Health: 0/41       AC:  4    Str:  8    XL:     6   Next: 31%
Magic:  5/9        EV: 12    Int: 19    God:
Gold:   156        SH:  0    Dex: 14    Spells: 1/9 levels left

rFire    . . .     SeeInvis +   a - +1 dagger
rCold    . . .     Gourm    .   (no shield)
rNeg     + . .     Faith    .   b - +1 robe
rPois    .         Spirit   .   (no helmet)
rElec    .         Reflect  .   (no cloak)
rCorr    .         Harm     .   s - +0 pair of gloves (curse)
MR       .....                  (no boots)
Stlth    ++++......             (no amulet)
HPRegen  0.13/turn              (no ring)
MPRegen  0.11/turn              (no ring)

@: very slightly contaminated
A: fangs 3, see invisible, unbreathing
a: Bat Form


You were on level 5 of the Dungeon.
You were not thirsty.

You visited 1 branch of the dungeon, and saw 5 of its levels.

You collected 156 gold pieces.

Inventory:

Hand Weapons
 a - a +1 dagger (weapon)
Missiles
 c - 8 tomahawks
 f - 59 stones (quivered)
 i - 17 poisoned needles
 j - 33 arrows
Armour
 b - a +1 robe (worn)
 s - a cursed +0 pair of gloves (worn)
Wands
 n - a wand of flame (30)
Scrolls
 e - a scroll of remove curse
 h - 6 scrolls of magic mapping
 l - a scroll of amnesia
Potions
 d - a potion of heal wounds
 g - a potion of berserk rage
 k - a potion of curing
 m - 5 potions of blood
 o - a potion of brilliance {unknown}
 p - a potion of agility {unknown}
 q - a potion of magic {unknown}
 r - a potion of mutation {unknown}


   Skills:
 + Level 5.4 Short Blades
 - Level 2.1 Dodging
 - Level 8.0 Stealth
 - Level 2.0 Spellcasting
 - Level 4.4 Hexes


You had one spell level left.
You knew the following spells:

 Your Spells              Type           Power        Failure   Level  Hunger
a - Corona                Hex            ###....      2%          1    #......
b - Ensorcelled Hibernat  Hex/Ice        ##....       11%         2    ###....
c - Blink                 Tloc           N/A          26%         2    ###....
d - Confuse               Hex            ###.....     9%          3    ###....

Your spell library contained the following spells:

 Spells                   Type           Power        Failure   Level  Hunger
 Magic Dart               Conj           #...         17%         1    #......
 Slow                     Hex            ###.....     4%          2    ###....
 Tukima's Dance           Hex            ###.....     9%          3    ###....
 Dazzling Spray           Conj/Hex       ##....       21%         3    ###....
 Call Imp                 Summ           #.......     26%         2    ###....
 Conjure Flame            Conj/Fire      #.......     45%         3    ###....
 Mephitic Cloud           Conj/Pois/Air  #.......     45%         3    ###....


Dungeon Overview and Level Annotations

Branches:
Dungeon (5/15)
 Temple: D:4-7

Altars:
Dithmenos
Gozag
Makhleb
Uskayaw
Xom


Innate Abilities, Weirdness & Mutations

You have razor-sharp teeth.
You have supernaturally acute eyesight. (SInv)
You can survive without breathing.


Message History

You hit the ice beast.
The ice beast is lightly wounded.
You hit the ice beast but do no damage.
The ice beast is lightly wounded.
You hit the ice beast but do no damage.
The ice beast is lightly wounded.
You hit the ice beast.
The ice beast is moderately wounded.
The ice beast seems less confused.
The ice beast hits you. The ice beast freezes you!
* * * LOW HITPOINT WARNING * * *
You barely miss the ice beast.
The ice beast is moderately wounded.
The ice beast misses you.
You hit the ice beast.
The ice beast is moderately wounded.
You completely miss the ice beast.
The ice beast is moderately wounded.
The ice beast hits you.
You die... ######################## ......Y@................ a#######################

You could see an ice beast and a worker ant (sleeping).

Vanquished Creatures
  An orc priest (D:4)
  An orc wizard (D:4)
  A hound (D:4)
  Ijyb (D:4)
  3 worker ants
  2 gnolls (D:5)
  5 adders
  An ooze (D:3)
  5 worms (D:2)
  4 dart slugs
  2 leopard geckos
  2 orcs (D:4)
  5 giant cockroaches
  4 goblins
  3 hobgoblins
  8 jackals
  7 kobolds
  5 quokkas
  A ball python (D:2)
  5 bats
  A frilled lizard (D:1)
  5 rats
72 creatures vanquished.

Notes
Turn   | Place    | Note
-------+----------+-------------------------------------------
     0 | D:1      | MisterFreud the Vampire Enchanter began the quest for the
                  | Orb.
     0 | D:1      | Reached XP level 1. HP: 13/13 MP: 3/3
   162 | D:1      | Reached XP level 2. HP: 16/19 MP: 5/5
   166 | D:1      | Learned a level 2 spell: Ensorcelled Hibernation
   184 | D:1      | Reached skill level 5 in Stealth
  1085 | D:2      | Learned a level 2 spell: Blink
  1427 | D:2      | Reached XP level 3. HP: 21/24 MP: 3/6
  1836 | D:2      | Reached skill level 6 in Stealth
  2011 | D:2      | Noticed a dagger
  2012 | D:2      | Noticed a hand axe
  2027 | D:2      | Found a hide-covered altar of Uskayaw.
  2110 | D:2      | Reached XP level 4. HP: 30/30 MP: 0/7
  2327 | D:3      | HP: 1/30 [bat (1)]
  3019 | D:3      | Found a shadowy altar of Dithmenos.
  3019 | D:3      | Found a shimmering altar of Xom.
  3020 | D:3      | Found an opulent altar of Gozag.
  3025 | D:3      | Reached skill level 7 in Stealth
  3268 | D:3      | Reached XP level 5. HP: 35/35 MP: 8/8
  3301 | D:4      | Noticed Ijyb
  3306 | D:4      | Killed Ijyb
  3687 | D:4      | Reached skill level 8 in Stealth
  3728 | D:4      | Reached XP level 6. HP: 15/41 MP: 6/9
  3831 | D:4      | Reached skill level 5 in Short Blades
  4086 | D:5      | Entered Level 5 of the Dungeon
  4101 | D:5      | Found a burning altar of Makhleb.
  4249 | D:5      | Learned a level 3 spell: Confuse
  4266 | D:5      | Noticed an ice beast
  4290 | D:5      | Slain by an ice beast

Vault maps used:
D:1:      minmay_arrival_checkered_box
D:2:      dancing_weapons_uskayaw, first_ration, grunt_decor_mini_mirrors,
          minmay_statues_item
D:3:      gammafunk_temple_overflow_claw, kennysheep_generic_room_16
D:4:      kennysheep_mini, st_stairs_11, uniq_ijyb
D:5:      grunt_temple_overflow_order_and_chaos_2,
          nicolae_ru_sacrificial_ziggurat, minmay_temple_entry_junction

Skill      XL: |  1  2  3  4  5  6 |
---------------+-------------------+-----
Stealth        | 5 6 7 8 |  8.0
Short Blades   | 2 3 4 5 |  5.4
Dodging        | |  2.1
Spellcasting   | |  2.0
Hexes          | |  4.4

Action                   |  1- 3 |  4- 6 || total
-------------------------+-------+-------++-------
Melee: Dagger            |    96 |   242 ||   338
       Bite              |     8 |    14 ||    22
 Cast: Ensorcelled Hiber |    13 |    19 ||    32
       Confuse           |       |     1 ||     1
  Use: Potion            |     3 |     9 ||    12
       Scroll            |     6 |     3 ||     9
 Stab: Sleeping          |    19 |    26 ||    45
       Distracted        |     1 |       ||     1
Armor: Robe              |    19 |    74 ||    93
Dodge: Dodged            |    57 |   206 ||   263

Table legend:
 A = Non-vault XP
 B = Vault XP
 C = Vault XP percentage of total XP
 D = Non-vault monster count
 E = Vault monster count
 F = Vault count percentage of total count
                 A         B        C        D         E       F
            +---------+---------+-------+---------+---------+-------
      Total |     408 |      82 |  16.7 |      67 |       5 |   6.9
            +---------+---------+-------+---------+---------+-------
        D:1 |      27 |       0 |   0.0 |      12 |       0 |   0.0
        D:2 |      71 |       0 |   0.0 |      19 |       0 |   0.0
        D:3 |     134 |       4 |   2.9 |      23 |       2 |   8.0
        D:4 |     135 |      78 |  36.6 |      10 |       3 |  23.1
        D:5 |      41 |       0 |   0.0 |       3 |       0 |   0.0
            +---------+---------+-------+---------+---------+-------
